 Dungeon Crawl Stone Soup version 0.31.0-11-ge490571c62 (webtiles) character file.

Game seed: 3596127427325898709

6248 Gadfly the Insei (level 10, -4/76 HPs)
             Began as a Demonspawn Monk on Feb 1, 2024.
             Was a Priest of Nemelex Xobeh.
             Shot with an arrow by a centaur (5 damage)
             ... while paralysed by a hornet
             ... on level 9 of the Dungeon.
             The game lasted 00:26:42 (10052 turns).

Gadfly the Insei (Demonspawn Monk)                 Turns: 10052, Time: 00:26:43

Health: -4/76      AC:  9    Str: 15    XL:     10   Next: 62%
Magic:  0/15       EV:  2    Int: 12    God:    Nemelex Xobeh [***...]
Gold:   1959       SH:  0    Dex: 15    Spells: 9/9 levels left

rFire   . .          .
                       - Unarmed
rCold   . . .        (no shield)
rNeg    . . .        D - +0 steam dragon scales
rPois   +            (helmet currently unavailable)
rElec   .            (cloak currently unavailable)
rCorr   .            o - melded +1 pair of gloves {Str+3}
SInv    .            (boots unavailable)
Will    .....        v - amulet of guardian spirit
Stlth   +            u - +4 ring of protection
HPRegen 0.32/turn    (no ring)
MPRegen 0.14/turn

%: guardian spirit
@: paralysed, beast-form, slowed
A: beast (slay +3), hooves 3, foul stench 1, powered by death 1, weakness
stinger 1, demonic touch 1, horns 1, poison resistance
a: Begin Untransformation, Renounce Religion, Draw Escape, Draw Destruction,
Draw Summoning, Triple Draw


You were on level 9 of the Dungeon.
You worshipped Nemelex Xobeh.
Nemelex Xobeh was most pleased with you.
You were a hulking beast.
You visited 2 branches of the dungeon, and saw 10 of its levels.
You also visited: Sewer and Bailey.

You collected 2180 gold pieces.
You spent 221 gold pieces at shops.

Inventory:

Hand Weapons
 b - a +2 short sword of electrocution
 B - a +4 long sword
Armour
 c - an orb of light
 n - a +0 helmet
 o - a +1 pair of gloves of strength (melded)
 D - +0 steam dragon scales (worn)
Jewellery
 u - a +4 ring of protection (left hand)
 v - an amulet of guardian spirit (around neck)
Talismans
 a - a serpent talisman
 f - a beast talisman (active)
Wands
 d - a wand of iceblast (6)
 h - a wand of mindburst (5)
 w - a wand of flame (26)
Scrolls
 g - 2 scrolls of revelation
 k - 2 scrolls of identify
 m - 2 scrolls of vulnerability
 t - 3 scrolls of teleportation
 x - 3 scrolls of poison
 y - a scroll of immolation
Potions
 e - a potion of heal wounds
 i - 2 potions of haste
 j - 3 potions of resistance
 l - 3 potions of ambrosia
 p - a potion of cancellation
 q - a potion of lignification
 r - a potion of might
 s - a potion of berserk rage
 z - 2 potions of curing
 A - a potion of mutation
 C - a potion of enlightenment


   Skills:
 + Level 6.1 Fighting
 + Level 6.3 Dodging
 * Level 7.3 Unarmed Combat
 + Level 7.1 Invocations
 * Level 6.8 Evocations
 * Level 6.4 Shapeshifting


You had 9 spell levels left.
You didn't know any spells.
Your spell library contained the following spells:

 Spells                   Type           Power      Damage    Failure   Level
 Slow                     Hex            0%         N/A       32%         1
 Lesser Beckoning         Tloc           0%         N/A       45%         2
 Confusing Touch          Hex            0%         N/A       69%         3
 Frozen Ramparts          Ice            0%         1d1       69%         3
 Gell's Gravitas          Tloc           0%         N/A       69%         3
 Hailstorm                Conj/Ice       0%         3d5       69%         3
 Sigil of Binding         Hex            0%         N/A       69%         3
 Summon Ice Beast         Ice/Summ       0%         N/A       69%         3
 Teleport Other           Tloc           0%         N/A       69%         3
 Vampiric Draining        Necr           0%         2d6       69%         3
 Animate Dead             Necr           0%         N/A       97%         4
 Leda's Liquefaction      Alch/Erth      0%         N/A       97%         4
 Petrify                  Alch/Erth      0%         N/A       97%         4
 Metabolic Englaciation   Hex/Ice        0%         N/A       100%        5
 Sculpt Simulacrum        Ice/Alch       0%         N/A       100%        6
 Haunt                    Necr/Summ      0%         N/A       100%        7
 Infestation              Necr           0%         N/A       100%        8


Dungeon Overview and Level Annotations

Branches:
Dungeon (9/15)             Temple (1/1) D:4            Lair (0/5) D:9
  Sewer (visited)          Bailey (visited)
    Orc: D:9-12

Altars:
Ashenzari
Fedhas
Gozag
Hepliaklqana
Makhleb
Nemelex Xobeh
Okawaru
Qazlal
Ru
Sif Muna
Trog
Uskayaw
Vehumet
Wu Jian
Xom
Yredelemnul

Shops:
D:2 !   D:6 ***


Innate Abilities, Weirdness & Mutations

You are a hulking beast.
Your limbs bulge with bestial killing power. (Slay +3)
You have hooves in place of feet.
You may rarely emit foul miasma when damaged in melee.
You regenerate a little health from kills.
You have a small tail.
Your touch may inflict minor irresistible damage on your foes.
You have a pair of small horns on your head.
Your system is resistant to poisons. (rPois)


Message History

You see here a +0 shortbow.
You see here a +0 shortbow.
HP restored.
There is a stone staircase leading up here.
You climb upwards.
There is a stone staircase leading down, spattered with blood here.
You climb downwards.
There is a stone staircase leading up here.
There is a stone staircase leading down here.
You climb downwards.
The hornet stings you.
You feel yourself slow down. The yak gores you!
The yak gores you but does no damage. x2
The hornet stings you!
You feel as though you will be slow longer.
The centaur unwields a +0 mace.
The centaur wields a +0 shortbow.
The centaur shoots an arrow.
The arrow hits you!
The yak gores you but does no damage. x2; The yak closely misses you. x2
The yak gores you!
There is a stone staircase leading up, spattered with blood here.
The hornet stings you!
The centaur shoots an arrow.
The arrow closely misses you. The hornet barely misses you.
The yak barely misses you. The yak misses you. The yak gores you.
The yak barely misses you. The yak closely misses you.
The centaur shoots an arrow.
The arrow completely misses you. The hornet stings you!
* * * LOW HITPOINT WARNING * * *
You suddenly lose the ability to move!
You stop ascending the stairs.
The centaur shoots an arrow.
The arrow hits you.
* * * LOW HITPOINT WARNING * * *
The yak gores you.
* * * LOW HITPOINT WARNING * * *
The yak gores you.
* * * LOW HITPOINT WARNING * * *
The yak barely misses you. The yak gores you.
* * * LOW HITPOINT WARNING * * *
The yak gores you!
* * * LOW HITPOINT WARNING * * *
The hornet completely misses you.
The centaur shoots an arrow.
The arrow hits you.
You die...
Your body glows slightly and disappears.

.c....... .....?...
........# ## ........##
.. .........# .#
.........##.#
.......YY...#
......YhY##
.......yY.###
............######
.................#
.#...............####
#...................##
.$.....P.♣....#..)#..###
....P......P.P..........
....P..♣..............


You could see 5 yaks, a hornet and a centaur.

Vanquished Creatures
  Joseph (D:7)
  A wraith (D:9)
  Eustachio (D:6)
  3 wyverns (D:9)
  6 yaks
  3 steam dragons
  4 water moccasins
  2 ice beasts
  2 sky beasts (D:7)
  2 orc warriors
  A black bear (D:6)
  An ogre (D:6)
  4 centaurs
  9 kobold brigands
  5 bullfrogs
  2 scorpions
  4 wights
  3 howler monkeys (D:8)
  4 hounds
  A bombardier beetle (D:5)
  3 jellies
  A gnoll bouda (D:8)
  10 iguanas
  4 orc wizards
  A sleepcap (D:7)
  A killer bee zombie (D:7)
  A howler monkey zombie (D:7)
  Robin (D:3)
  14 gnolls
  11 adders
  4 river rats (Sewer)
  A shadow imp (D:7)
  2 white imps
  7 dart slugs
  18 orcs
  4 bats
  3 endoplasms
  2 giant cockroaches
  19 goblins
  9 hobgoblins
  A quokka (D:3)
  11 ball pythons
  2 frilled lizards
  39 kobolds
  36 rats
264 creatures vanquished.

Notes
Turn   | Place    | Note
-------+----------+-------------------------------------------
     0 | D:1      | Gadfly the Demonspawn Monk began the quest for the Orb.
     0 | D:1      | Reached XP level 1. HP: 18/18 MP: 1/1
   162 | D:1      | Gained mutation: You may rarely emit foul miasma when
                  | damaged in melee. [demonic ancestry]
   162 | D:1      | Reached XP level 2. HP: 21/24 MP: 2/2
   287 | D:1      | Reached skill level 1 in Invocations
   399 | D:1      | Reached skill level 1 in Evocations
   892 | D:2      | Discovered your monstrous ancestry.
   892 | D:2      | Gained mutation: You have a small tail. [demonic ancestry]
   892 | D:2      | Reached XP level 3. HP: 29/29 MP: 4/4
  1003 | D:2      | Found Janul's Distillery.
  1463 | D:3      | Reached skill level 1 in Shapeshifting
  1617 | D:3      | Noticed Robin
  1977 | D:2      | Reached XP level 4. HP: 11/35 MP: 5/5
  2095 | D:3      | Killed Robin
  2886 | D:4      | Found a glowing drain.
  2913 | D:4      | Gained mutation: You have large cloven feet. [demonic
                  | ancestry]
  2913 | D:4      | Reached XP level 5. HP: 21/41 MP: 6/6
  2987 | Sewer    | Entered a sewer
  3466 | Sewer    | Gained mutation: You regenerate a little health from kills.
                  | [demonic ancestry]
  3466 | Sewer    | Reached XP level 6. HP: 31/47 MP: 8/8
  3998 | D:4      | Found a staircase to the Ecumenical Temple.
  4019 | Temple   | Entered the Ecumenical Temple
  4055 | Temple   | Became a worshipper of Nemelex Xobeh the Trickster
  4055 | Temple   | Reached * piety under Nemelex Xobeh
  4055 | Temple   | Received a gift from Nemelex Xobeh
  4055 | Temple   | Received a gift from Nemelex Xobeh
  4055 | Temple   | Reached ** piety under Nemelex Xobeh
  4122 | D:4      | Gained mutation: You have a pair of small horns on your
                  | head. [potion of mutation]
  4122 | D:4      | Gained mutation: Your system is resistant to poisons.
                  | (rPois) [potion of mutation]
  4385 | D:4      | Gained mutation: You have hoof-like feet. [demonic
                  | ancestry]
  4385 | D:4      | Reached XP level 7. HP: 30/52 MP: 9/9
  5112 | D:5      | Entered Level 5 of the Dungeon
  5117 | D:5      | Identified the +5 rapier "Ytsuec" {holy, Dex+5}
  5704 | D:5      | Received a gift from Nemelex Xobeh
  5721 | D:5      | You fall into a shaft and drop 1 floor!
  5740 | D:6      | Noticed Eustachio
  5778 | D:6      | Killed Eustachio
  5779 | D:6      | Gained mutation: Your touch may inflict minor irresistible
                  | damage on your foes. [demonic ancestry]
  5779 | D:6      | Reached XP level 8. HP: 17/60 MP: 11/11
  6628 | D:6      | Received a gift from Nemelex Xobeh
  6893 | D:6      | Reached skill level 5 in Unarmed Combat
  6926 | D:6      | Reached *** piety under Nemelex Xobeh
  6981 | D:6      | Reached skill level 5 in Dodging
  7077 | D:6      | Found Gaxt's Assorted Antiques.
  7078 | D:6      | Found Bewyllos's General Store.
  7079 | D:6      | Found Peycwoz's Assorted Antiques.
  7144 | D:6      | Bought a fuming inky potion for 15 gold pieces
  7144 | D:6      | Bought a scroll of identify for 34 gold pieces
  7192 | D:6      | Reached skill level 5 in Invocations
  7290 | D:6      | Found a broken altar of Ashenzari.
  7551 | D:7      | Found a basalt altar of Yredelemnul.
  7572 | D:7      | Found a flagged portal.
  7584 | D:7      | Gained mutation: You have hooves in place of feet. [demonic
                  | ancestry]
  7584 | D:7      | Reached XP level 9. HP: 66/66 MP: 12/12
  7592 | Bailey   | Entered a bailey
  7671 | Bailey   | Received a gift from Nemelex Xobeh
  7929 | Bailey   | Found an iron altar of Okawaru.
  7937 | Bailey   | Identified the +7 plate armour of Amelioration {rF+}
  8004 | D:7      | Reached skill level 5 in Shapeshifting
  8192 | D:7      | Noticed Joseph
  8199 | D:7      | Reached skill level 5 in Fighting
  8199 | D:7      | Reached skill level 5 in Evocations
  8364 | D:7      | Killed Joseph
  9020 | D:7      | Identified a scroll of acquirement
  9020 | D:7      | Acquired 741 gold pieces
  9167 | D:6      | Bought a pair of runed gloves for 172 gold pieces
  9379 | D:8      | Reached XP level 10. HP: 61/74 MP: 10/14
  9447 | D:8      | Acquired 812 gold pieces
 10003 | D:9      | Found a staircase to the Lair.
 10051 | D:9      | Paralysed by a hornet for 2 turns
 10052 | D:9      | HP: 1/76 [yak (6)]
 10052 | D:9      | Shot with an arrow by a centaur

Illustrated notes

Levels and vault maps discovered:
D:1:      matt_arrival_diagonals, layout_loops_ring
D:2:      layout_basic, serial_shops, shop, kennysheep_big_empty_room
D:3:      layout_rooms, uniq_robin
D:4:      layout_basic, temple_statues, portal_sewer_entry_a,
          minmay_fractal_squares_5
D:5:      layout_loops_corners, st_stairs_13, minmay_stone_trees_medium,
          chequers_big_river
D:6:      layout_cave_pools, marbit_many_paths,
          nicolae_shop_distant_corner_stores, uniq_eustachio
D:7:      layout_rooms, lemuel_zombie_altar_yredelemnul, enter_bailey_3,
          uniq_joseph
D:8:      layout_rooms
D:9:      layout_rooms, nicolae_overflow_hidden_temple, minmay_lair_entry_grove,
          david_orc_3
Temple:   nicolae_temple_elliptical

Skill      XL: |  1  2  3  4  5  6  7  8  9 10 |
---------------+-------------------------------+-----
Invocations    | 1 2 3 4 5 6 7 |  7.1
Evocations     | 1 2 3 4 5 6 |  6.8
Unarmed Combat | 3 4 5 6 7 |  7.3
Shapeshifting  | 1 2 3 4 5 6 |  6.4
Dodging        | 3 4 5 6 |  6.3
Fighting       | 4 5 6 |  6.1

Action                     |  1- 3 |  4- 6 |  7- 9 | 10-12 || total
---------------------------+-------+-------+-------+-------++-------
  Melee: Unarmed           |   131 |   145 |   275 |    71 ||   622
         Tailslap          |     6 |    31 |    57 |    11 ||   105
         Punch             |       |     5 |    11 |     8 ||    24
         Short sword       |       |    66 |    18 |       ||    84
         Kick              |       |    39 |   105 |    27 ||   171
         Headbutt          |       |     5 |    62 |    10 ||    77
         Touch             |       |       |    34 |    16 ||    50
 Invoke: Draw Destruction  |       |     2 |     3 |       ||     5
         Draw Escape       |       |     1 |       |       ||     1
Ability: Begin Untransform |     1 |     1 |     2 |       ||     4
  Evoke: Wand              |       |     1 |       |       ||     1
    Use: Scroll            |     2 |     4 |    13 |     1 ||    20
         Potion            |     1 |     7 |     4 |       ||    12
   Stab: Sleeping          |     2 |     1 |       |       ||     3
         Distracted        |     1 |       |       |       ||     1
 Armour: Robe              |    63 |   112 |   216 |    23 ||   414
         Steam dragon scal |       |       |       |    62 ||    62
  Dodge: Dodged            |   100 |   155 |   202 |    71 ||   528
   Form: Beast             |     2 |     1 |     2 |       ||     5
